cohdb
Replays
Latest Replays
All Replays
Popular Replays
Top Player Replays
Match Explorer
How It Works
Community
CoH3 Stats
Reddit
Sign in to upload your games and track your stats! →
Sign in with Steam
Match 43755939
Unlisted
Match 43755939
Overview
Messages
Build Orders
End
Vickers Machine Gun Team
Construct Section Command Post
Selects Indian Artillery Battlegroup
Infantry Section
Grenade Package
Infantry Section
Dingo Light Scout Car
Selects Towed ML 4.2-inch Heavy Mortar
Towed ML 4.2-inch Heavy Mortar
Construct Platoon Command Post
Selects Valour
6-pounder Anti-tank Gun Team
Forward Retreat Point
Construct Company Command Post
Unlock M3 Grant Medium Tanks
6-pounder Anti-tank Gun Team
Selects Off-map Airburst Barrage
Off-map Airburst Barrage
Selects Gurkha Rifles Section
Gurkha Rifles Section
Off-map Airburst Barrage
M3 Grant Medium Tank
Off-map Airburst Barrage
Off-map Airburst Barrage
Selects Perimeter Monitor
M3 Grant Medium Tank
M3 Grant Medium Tank
Off-map Airburst Barrage
Off-map Airburst Barrage
Selects Volunteer Infantry
Perimeter Monitor
maths320
TW_ponpon
R.S.P.
GodoSaurio
Gremchick
Граф Гематоген
老三一般般
OTTO 楚白
0
0
Comments
sign in to comment!
No comments posted yet!